 Dungeon Crawl Stone Soup version 0.21-a0-552-g593960d (webtiles) character file.

23 M4edhros the Sneak (level 2, -2/18 HPs)
             Began as an Octopode Artificer on Dec 18, 2017.
             Slain by a jackal (3 damage)
             ... on level 2 of the Dungeon.
             The game lasted 00:00:32 (262 turns).

M4edhros the Sneak (Octopode Artificer)              Turns: 262, Time: 00:00:33

Health: -2/18      AC:  1    Str: 11    XL:     2   Next: 95%
Magic:  4/4        EV: 13    Int: 13    God:
Gold:   27         SH:  0    Dex: 12    Spells: 1/1 levels left

rFire    . . .     SeeInvis .   a - +0 short sword
rCold    . . .     Gourm    .   (no shield)
rNeg     . . .     Faith    .   (helmet restricted)
rPois    .         Spirit   .   (no amulet)
rElec    .         Reflect  .   (no ring)
rCorr    .         Harm     .   (no ring)
MR       .....                  (no ring)
Stlth    +++.......             (no ring)
HPRegen  0.06/turn              (no ring)
MPRegen  0.09/turn              (no ring)
                                (no ring)
                                (no ring)

@: no status effects
A: almost no armour, stealthy swim, amphibious, 8 rings, constrict 8, camouflage
1, gelatinous body 1
a: no special abilities


You were on level 2 of the Dungeon.
You were not hungry.

You visited 1 branch of the dungeon, and saw 2 of its levels.

You collected 27 gold pieces.

Inventory:

Hand Weapons
 a - a +0 short sword (weapon)
Missiles
 e - 18 stones (quivered)
Wands
 b - a wand of flame (15)
 c - a wand of enslavement (15)
 d - a wand of random effects (15)
Comestibles
 f - a bread ration


   Skills:
 - Level 1.0 Fighting
 - Level 1.0 Short Blades
 - Level 2.0 Dodging
 + Level 4.1 Stealth
 - Level 3.2 Evocations


You had one spell level left.
You didn't know any spells.

Dungeon Overview and Level Annotations

Branches:
Dungeon (2/15)

Altars:


Innate Abilities, Weirdness & Mutations

You cannot wear most types of armour.
You are very stealthy in the water. (Stealth+)
You are amphibious.
You can wear up to eight rings at the same time.
You can use your tentacles to constrict eight enemies at once.
Your skin changes colour to match your surroundings (Stealth+).
Your rubbery body absorbs attacks. (AC +1, EV +1)


Message History

You hit the jackal but do no damage. You grab the jackal.
The jackal is almost dead.
You constrict the jackal.
You kill the jackal!
Your Stealth skill increases to level 4!
A jackal comes into view.
The jackal barks!
You hit the jackal. You grab the jackal.
The jackal is severely wounded.
You constrict the jackal. The jackal bites you.
You hit the jackal.
You kill the jackal!
You hit the jackal. Your grab misses the jackal.
The jackal is heavily wounded.
The jackal bites you.
* * * LOW HITPOINT WARNING * * *
The frilled lizard bites you.
* * * LOW HITPOINT WARNING * * *
The jackal bites you.
You die...

... .... ....
.....
###########.....
................
..........h......
...%.....@l......
#..$....†).###.##
#.....?....###.#
♣♣#...............
......%...#.[####
#........##.#
#.........#.## ##
###......†.....#
...
#..........#.....


You could see a jackal and a frilled lizard.

Vanquished Creatures
  A leopard gecko (D:1)
  3 bats
  A giant cockroach (D:2)
  A goblin (D:2)
  5 hobgoblins
  3 jackals (D:2)
  A kobold (D:2)
  A frilled lizard (D:2)
  2 rats
18 creatures vanquished.

Notes
Turn   | Place    | Note
-------+----------+-------------------------------------------
     0 | D:1      | M4edhros the Octopode Artificer began the quest for the Orb.
     0 | D:1      | Reached XP level 1. HP: 13/13 MP: 3/3
    25 | D:1      | Reached skill level 2 in Stealth
    40 | D:1      | Reached skill level 3 in Stealth
    40 | D:1      | Reached XP level 2. HP: 11/18 MP: 4/4
   259 | D:2      | Reached skill level 4 in Stealth
   262 | D:2      | Slain by a jackal

Vault maps used:
D:1:      ncdulo_smallfort, serial_bayou_ford_a, minmay_ruptured
D:2:      ashenzari_conservatory_becter, kennysheep_cross_room,
          hangedman_decor_diamond_cutter, minmay_tree_intersection

Skill      XL: |  1  2 |
---------------+-------+-----
Stealth        | 3 4 |  4.1
Fighting       | |  1.0
Short Blades   | |  1.0
Dodging        | |  2.0
Evocations     | |  3.2

Action                   || total
-------------------------++-------
Melee: Short sword       ||    39
       Constrict         ||    13
       Tentacles         ||     5
Armor: Skin              ||    10
Dodge: Dodged            ||    23

Table legend:
 A = Spawn XP
 B = Non-spawn XP
 C = Spawn XP percentage of total XP
 D = Spawn monster count
 E = Non-spawn monster count
 F = Spawn count percentage of total count
 G = Total turns spent on level
                    A         B        C        D         E        F      G
               +---------+---------+-------+---------+---------+-------+---------
         Total |       0 |      33 |   0.0 |       0 |      18 |   0.0 |   262
               +---------+---------+-------+---------+---------+-------+---------
           D:1 |       0 |      16 |   0.0 |       0 |       8 |   0.0 |   191
           D:2 |       0 |      17 |   0.0 |       0 |      10 |   0.0 |    71
               +---------+---------+-------+---------+---------+-------+---------
